 Dungeon Crawl Stone Soup version 0.18-a0-1140-g8540535 (webtiles) character file.

153 namelastname112 the Skirmisher (level 5, -2/46 HPs)
             Began as a Draconian Abyssal Knight on Jan 22, 2016.
             Was a Believer of Lugonu.
             Killed by divine providence
             ... invoked by an orc priest
              (12 damage)
             ... on level 3 of the Dungeon.
             The game lasted 00:04:29 (2288 turns).

namelastname112 the Skirmisher (DrAK)               Turns: 2288, Time: 00:04:30

Health: -2/46      AC:  5    Str: 14    XL:     5   Next: 12%
Magic:  8/8        EV: 12    Int: 13    God:    Lugonu [**....]
Gold:   104        SH:  0    Dex: 11    Spells: 0 memorised, 4 levels left

rFire  . . .     SeeInvis .     c - +1 hand axe (chop)
rCold  . . .     Gourm    .     (armour unavailable)
rNeg   . . .     Faith    .     (no shield)
rPois  .         Spirit   .     (helmet restricted)
rElec  .         Dismiss  .     (no cloak)
rCorr  .         Reflect  .     (no gloves)
SustAt .         Harm     .     (no boots)
MR     .....                    p - amulet of inaccuracy (curse)
Stlth  +.........               (no ring)
                                (no ring)

@: not resistant to hostile enchantments, very unstealthy
A: unfitting armour, cold-blooded, AC +5
a: Depart the Abyss, Bend Space, Renounce Religion


You were on level 3 of the Dungeon.
You worshipped Lugonu.
Lugonu was pleased with you.
You were hungry.

You visited 1 branch of the dungeon, and saw 3 of its levels.
You visited the Abyss 1 time.

You collected 104 gold pieces.

Inventory:

Hand Weapons
 c - a +1 hand axe of chopping (weapon)
 r - a +0 blowgun
Missiles
 s - 5 curare-tipped needles
Jewellery
 p - a cursed amulet of inaccuracy (around neck)
Wands
 o - a wand of hasting (4/9)
Scrolls
 d - 2 scrolls of fog {unknown}
 e - a scroll of identify {unknown}
 g - a scroll of teleportation {unknown}
 h - a scroll of enchant armour {unknown}
 k - a scroll of enchant weapon {unknown}
 m - 2 scrolls of remove curse {unknown}
 q - a scroll of fear {unknown}
 t - a scroll of blinking {unknown}
Potions
 f - 2 potions of resistance {unknown}
 j - a potion of mutation {unknown}
 l - 2 potions of brilliance {unknown}
 u - 2 potions of haste {unknown}
Comestibles
 a - 2 meat rations
 b - 2 bread rations
 i - a beef jerky
 n - 4 fruits


   Skills:
 + Level 4.0 Fighting
 * Level 3.2 Axes
 + Level 2.6 Dodging
 * Level 4.0 Invocations


You had 4 spell levels left.
You didn't know any spells.

Dungeon Overview and Level Annotations

Branches:
Dungeon (3/15)

Altars:
Okawaru


Innate Abilities, Weirdness & Mutations

Your plain brown scales are hard (AC +5).
Your body does not fit into most forms of armour.
You are cold-blooded and may be slowed by cold attacks.


Message History

Something smites you! The orc barely misses you.
You hit the orc but do no damage.
The orc is heavily wounded.
The orc closely misses you.
You hit the orc but do no damage.
The orc is heavily wounded.
The orc priest invokes the aid of Beogh against you.
Something smites you!
* * * LOW HITPOINT WARNING * * *
The orc barely misses you.
You are too injured to fight recklessly!
The orc priest casts a cantrip, but nothing happens.
You see here 25 stones.
The orc closely misses you.
The orc priest calls down the wrath of Beogh upon you.
Something smites you!
* * * LOW HITPOINT WARNING * * *
The orc priest invokes the aid of Beogh against you.
Something smites you!
You die...

##......# #####...#####.......###
#.....#####...).......#.......)##
...........................#.....
.........##...........###...##.##
.......##.#####...##### #.#.##.##
.......# # #...# #......##
.#....#.# #...# ###.#####
.##.#.### ###...### #.# ### ##
##.# #...@...# #.###.. # #
##.##o##.# #.....# #
######......#.# #####.#
#####.#.............# ### #....#
......#.###.........##...# #.####
#######.# #.o.......†....# #....#
# #.###o..#...#.##...# ####.#
#.......#...#.# .## #.#
###.##......#.# # #..


You could see an orc priest and 2 orcs.

Vanquished Creatures
  A giant frog skeleton (D:3)
  Jessica (D:3)
  2 adders (D:2)
  3 oozes
  2 giant geckos
  3 orcs (D:3)
  10 bats
  A giant cockroach (D:1)
  12 goblins
  7 hobgoblins
  8 kobolds
  A quokka (D:2)
  4 giant newts
  3 rats
58 creatures vanquished.

Notes
Turn   | Place    | Note
--------------------------------------------------------------
     0 | Abyss:1  | namelastname112 the Draconian Abyssal Knight began the quest for the Orb.
     0 | Abyss:1  | Reached XP level 1. HP: 19/19 MP: 2/2
    87 | Abyss:1  | Noticed a quasit
    88 | Abyss:1  | Noticed a thrashing horror
    90 | D:1      | Escaped the Abyss
   417 | D:1      | Reached XP level 2. HP: 19/26 MP: 3/3
   471 | D:1      | Reached * piety under Lugonu
   684 | D:1      | Reached XP level 3. HP: 31/31 MP: 3/5
  1144 | D:2      | Found an iron altar of Okawaru.
  1258 | D:2      | Reached ** piety under Lugonu
  1258 | D:2      | Reached XP level 4. HP: 32/40 MP: 6/6
  1784 | D:3      | Noticed Jessica
  1798 | D:3      | Killed Jessica
  1798 | D:3      | Reached XP level 5. HP: 37/46 MP: 7/7
  1898 | D:3      | Reached skill level 4 in Fighting
  2288 | D:3      | Killed from afar by an orc priest

Vault maps used:
D:1:      dpeg_arrival_rooms_c
D:2:      okawaru_gym_becter, first_bread
D:3:      uniq_jessica

Action                   |  1- 3 |  4- 6 || total
-------------------------+-------+-------++-------
Melee: Hand axe          |    93 |    68 ||   161
Invok: Depart the Abyss  |     1 |       ||     1
 Stab: Sleeping          |     1 |     3 ||     4
  Eat: Chunk             |     1 |     3 ||     4
